 Dungeon Crawl Stone Soup version 0.18.1-48-g4cf74bf (console) character file.

187 Kloppie the Slasher (level 5, -1/27 HPs)
             Began as a Vine Stalker Fighter on June 26, 2016.
             Was a Follower of Makhleb.
             Succumbed to a kobold's poison
             ... on level 3 of the Dungeon.
             The game lasted 00:03:26 (1498 turns).

Kloppie the Slasher (Vine Stalker Fighter)          Turns: 1498, Time: 00:03:26

Health: -1/27      AC:  6    Str: 18    XL:     5   Next: 66%
Magic:  6/6        EV:  7    Int: 13    God:    Makhleb [*.....]
Gold:   165        SH:  0    Dex: 15    Spells: 0 memorised, 4 levels left

rFire  . . .     SeeInvis .     a - +0 long sword
rCold  . . .     Gourm    .     b - +0 scale mail
rNeg   . . .     Faith    .     c - +0 shield
rPois  .         Spirit   +     (no helmet)
rElec  .         Dismiss  .     (no cloak)
rCorr  .         Reflect  .     (no gloves)
SustAt .         Harm     .     (no boots)
MR     .....                    (no amulet)
Stlth  ..........               (no ring)
                                (no ring)

@: confused, brilliant, lethally poisoned (-1 -> -19), flying, not resistant to
hostile enchantments, extremely unstealthy
A: fangs 2, regeneration 1, magic shield, antimagic bite, no device heal 3, rot
immunity
a: Renounce Religion


You were on level 3 of the Dungeon.
You worshipped Makhleb.
Makhleb was aware of your devotion.
You were not hungry.

You visited 1 branch of the dungeon, and saw 3 of its levels.

You collected 165 gold pieces.

Inventory:

Hand Weapons
 a - a +0 long sword (weapon)
Armour
 b - a +0 scale mail (worn)
 c - a +0 shield (worn)
Jewellery
 j - an uncursed ring of see invisible {unknown}
 r - an uncursed ring of protection from cold {unknown}
 s - an uncursed amulet of magic regeneration {unknown}
Scrolls
 e - 3 scrolls of magic mapping {unknown}
 h - a scroll of enchant armour {unknown}
 i - a scroll of recharging {unknown}
 k - a scroll of identify {unknown}
 l - a scroll of blinking {unknown}
 n - 2 scrolls of enchant weapon {unknown}
 o - a scroll of teleportation {unknown}
 p - a scroll of amnesia {unknown}
 t - 2 scrolls of remove curse {unknown}
 v - a scroll of fear {unknown}
Potions
 u - a potion of curing {unknown}
 x - a potion of heal wounds {unknown}
Comestibles
 f - 3 bread rations
 g - 2 beef jerkies
 w - 10 chunks of flesh


   Skills:
 - Level 2.6 Fighting
 + Level 5.2 Long Blades
 - Level 2.4 Armour
 - Level 2.6 Shields


You had 4 spell levels left.
You didn't know any spells.

Dungeon Overview and Level Annotations

Branches:
Dungeon (3/15)

Altars:
Makhleb

Annotations:
D:3 Caphalor's ghost, amateur MfNe


Innate Abilities, Weirdness & Mutations

You have extremely sharp teeth.
Your natural rate of healing is unusually fast.
When hurt, damage is shared between your health and your magic reserves.
Your bite disrupts and absorbs the magic of your enemies.
Potions and wands cannot restore your health.
You are immune to rotting.


Message History

The adder barely misses you. You block the rat's attack.
The adder closely misses you.
You hit the adder.
You kill the adder!
Makhleb accepts your kill.
You feel better.
* * * LOW HITPOINT WARNING * * *
You feel very sick. You block the rat's attack.
Drink which item? (? for menu, Esc to quit)
It was a potion of flight.
You feel very buoyant.
You fly up into the air.
* * * LOW HITPOINT WARNING * * *
You feel sick. The rat bites you.
Drink which item? (? for menu, Esc to quit)
It was a potion of ambrosia.
You are confused.
You feel invigorated.
You die...

###. .# # ..# .[.
..#..#.. #.# #..
###....#... #.##.. #
#....#..$#.###....##
###.#..#...#.........#
.#...................#
.....# #.#......r)..[#
.....###........@†...#
.....................#
.#........##.........#
............#.?#####.#
....(.........## #
............###
................
............####
............#


You could see a rat.

Vanquished Creatures
  Terence (D:3)
  5 gnolls (D:1)
  6 adders
  An ooze (D:2)
  2 worms
  2 dart slugs (D:2)
  2 orcs (D:3)
  2 giant cockroaches (D:3)
  6 goblins
  4 hobgoblins
  6 kobolds
  7 bats
  A giant newt (D:2)
  5 rats
50 creatures vanquished.

Notes
Turn   | Place    | Note
--------------------------------------------------------------
     0 | D:1      | Kloppie the Vine Stalker Fighter began the quest for the Orb.
     0 | D:1      | Reached XP level 1. HP: 11/11 MP: 2/2
    17 | D:1      | Reached skill level 2 in Long Blades
    85 | D:1      | Reached XP level 2. HP: 6/16 MP: 1/3
   116 | D:1      | Reached skill level 3 in Long Blades
   188 | D:1      | Reached XP level 3. HP: 19/19 MP: 4/4
   557 | D:1      | Reached XP level 4. HP: 8/23 MP: 3/5
   559 | D:1      | Reached skill level 4 in Long Blades
   761 | D:2      | Found a burning altar of Makhleb.
   762 | D:2      | Noticed a balrug
   797 | D:2      | Noticed a neqoxec
   797 | D:2      | Noticed a ynoxinul
   799 | D:2      | Became a worshipper of Makhleb the Destroyer
  1015 | D:2      | Reached XP level 5. HP: 27/27 MP: 6/6
  1253 | D:3      | Noticed Terence
  1268 | D:3      | Killed Terence
  1324 | D:3      | Reached skill level 5 in Long Blades
  1378 | D:3      | Reached * piety under Makhleb
  1390 | D:3      | Noticed Caphalor's ghost (amateur MfNe)
  1497 | D:3      | HP: 1/27 [poisoned by a kobold]
  1498 | D:3      | Succumbed to a kobold's poison

Skill      XL: |  1  2  3  4  5 |
---------------+----------------+-----
Long Blades    | 2 3 4 5 |  5.2
Fighting       | |  2.6
Armour         | |  2.4
Shields        | |  2.6

Action                   |  1- 3 |  4- 6 || total
-------------------------+-------+-------++-------
Melee: Long sword        |    63 |    98 ||   161
       Bite              |    15 |    30 ||    45
  Use: Potion            |     1 |     3 ||     4
  Eat: Chunk             |       |     2 ||     2
Armor: Scale mail        |    29 |    54 ||    83
Dodge: Dodged            |    21 |    52 ||    73
Block: Shield            |    49 |    53 ||   102
